 Dungeon Crawl Stone Soup version 0.26-a0-695-g987792ac36 (webtiles) character file.

Game seed: 4140844281196575195

1872 ringo67 the Frost Mage (level 9, -1/75 HPs)
             Began as a Ghoul Ice Elementalist on Oct 25, 2020.
             Killed by divine providence
             ... invoked by an orc priest
              (14 damage)
             ... on level 5 of the Dungeon.
             The game lasted 00:10:42 (5174 turns).

ringo67 the Frost Mage (Ghoul Ice Elementalist)     Turns: 5174, Time: 00:10:43

Health: -1/75      AC:  5    Str: 12    XL:     9   Next: 14%
Magic:  5/15       EV: 12    Int: 13    God:
Gold:   189        SH:  0    Dex:  9    Spells: 7/18 levels left

rFire    . . .     SeeInvis .   r - +0 spear (venom)
rCold    + . .     Faith    .   (no shield)
rNeg     + + +     Spirit   .   a - +0 robe
rPois    ∞         Reflect  .   o - +0 helmet
rElec    .         Harm     .   g - +0 cloak
rCorr    .         Rampage  .   y - +0 pair of gloves
MR       .....                  (no boots)
Stlth    ++........             (no amulet)
HPRegen  0.00/turn              (no ring)
MPRegen  0.14/turn              (no ring)

@: no status effects
A: rotting body, claws 1, cold resistance 1, negative energy resistance 3,
inhibited regeneration, torment resistance, unbreathing
a: no special abilities


You were on level 5 of the Dungeon.
You visited 1 branch of the dungeon, and saw 6 of its levels.

You collected 189 gold pieces.

Inventory:

Hand Weapons
 r - a +0 spear of venom (weapon)
Missiles
 e - 160 stones (quivered)
 s - 25 sling bullets
Armour
 a - a +0 robe (worn)
 g - a +0 cloak (worn)
 i - a scarf of resistance
 o - a +0 helmet (worn)
 y - a +0 pair of gloves (worn)
Wands
 t - a wand of random effects (21)
 x - a wand of acid (6)
Scrolls
 b - 3 scrolls of remove curse
 c - 5 scrolls of teleportation
 d - 4 scrolls of identify
 f - a scroll of magic mapping
 h - 5 scrolls of enchant weapon {unknown}
 k - a scroll of noise {unknown}
 l - 2 scrolls of blinking {unknown}
 n - 3 scrolls of amnesia {unknown}
 u - 2 scrolls of fear {unknown}
 w - 2 scrolls of enchant armour {unknown}
Potions
 j - a potion of mutation {unknown}
 m - a potion of magic {unknown}
 p - 2 potions of stabbing {unknown}
 q - 3 potions of heal wounds
 v - a potion of curing


   Skills:
 + Level 5.8 Fighting
 - Level 1.7 Dodging
 - Level 2.1 Stealth
 + Level 5.2 Spellcasting
 - Level 2.0 Summonings
 * Level 9.7 Ice Magic


You had 7 spell levels left.
You knew the following spells:

 Your Spells              Type           Power        Failure   Level
a - Freeze                Ice            ####         1%          1
b - Frozen Ramparts       Ice            ####..       1%          3
c - Ozocubu's Armour      Ice            ####....     1%          3
d - Summon Ice Beast      Ice/Summ       ###.....     17%         4

Your spell library contained the following spells:

 Spells                   Type           Power        Failure   Level
 Hailstorm                Conj/Ice       ###.....     26%         4


Dungeon Overview and Level Annotations

Branches:
Dungeon (6/15)
 Temple: D:4-7

Altars:
Cheibriados
Gozag
Uskayaw


Innate Abilities, Weirdness & Mutations

Your body is rotting away.
You thrive by killing the living.
You are immune to poison.
You have sharp fingernails.
Your flesh is cold resistant. (rC+)
You are immune to negative energy. (rN+++)
You do not regenerate when monsters are visible.
You are immune to unholy pain and torment.
You can survive without breathing.


Message History

Confirm with . or Enter, or press ? or * to list all spells.
The walls around you are covered in ice.
The wall freezes the orc.
The orc hits you but does no damage.
The wall freezes the orc priest.
The orc priest calls upon Beogh to heal the orc.
The orc's wounds heal themselves!
The wall freezes the orc.
You kill the orc!
The centaur skeleton completely resists.
The wall freezes the centaur skeleton but do no damage.
The centaur skeleton completely resists.
The wall freezes the centaur skeleton but do no damage.
The centaur skeleton completely resists.
The wall freezes the centaur skeleton but do no damage.
The centaur skeleton completely resists.
The wall freezes the centaur skeleton but do no damage.
A worm comes into view.
The frozen ramparts melt away.
The orc priest invokes the aid of Beogh against you.
Beogh smites you!
You die...

......#.# ****##o..##****#.#
8...8.#.# ####o#.#.######.#
.....##.####### #..).Z......†....
##.###........# #o##S#.#.######..
*#.# ########.###.#.#.#.## #..
*..# #....o.#.....# #w. #.###
#.##o..##....######.. ....#
#..Z...###.....w..... ###.#
#.##@..##..#>##.####. *,*
#.####.#.#.#.##.# *. *,* #.#
*#.##.#.##.# *. *,*
*#.#**#..##.#.##.#***. *,*
*...,...<...#.##.#*,,.
***,********w#.,##,**###.##.#*,*#
,,,,,,,,,,,,.,,,**,* #.*#.#*,*
#***********,,,,**,*****,*#.#*,*
#K,,,,,,*≈8*,,,,,,,,,,,,,**,,*,**


You could see an orc priest, an adder, 2 orcs, an adder skeleton and a centaur
skeleton.

Vanquished Creatures
  A two-headed ogre (D:5)
  Pikel (D:4)
  An ogre (D:4)
  A lemure (D:4)
  A scorpion (D:4)
  A centaur skeleton (D:4)
  4 orc wizards (D:4)
  2 hounds
  An orc priest (D:3)
  A bullfrog skeleton (D:5)
  Terence (D:3)
  3 worker ants
  2 hound skeletons (D:4)
  Robin (D:2)
  4 gnolls
  8 adders
  2 white imps (D:5)
  An ooze (D:1)
  5 worms
  A dart slug (D:2)
  3 leopard geckos
  11 orcs
  6 bats
  6 giant cockroaches
  13 goblins
  14 hobgoblins
  7 jackals
  2 quokkas
  4 frilled lizards
  9 kobolds
  8 rats
125 creatures vanquished.

Notes
Turn   | Place    | Note
-------+----------+-------------------------------------------
     0 | D:1      | ringo67 the Ghoul Ice Elementalist began the quest for the
                  | Orb.
     0 | D:1      | Reached XP level 1. HP: 14/14 MP: 2/2
   197 | D:1      | Reached XP level 2. HP: 22/22 MP: 1/3
   305 | D:1      | Reached skill level 1 in Fighting
   743 | D:2      | Reached skill level 5 in Ice Magic
   743 | D:2      | Reached XP level 3. HP: 28/28 MP: 0/5
  1141 | D:2      | Reached XP level 4. HP: 35/36 MP: 3/6
  1237 | D:2      | Found a hide-covered altar of Uskayaw.
  1294 | D:2      | Noticed Robin
  1401 | D:1      | Learned a level 3 spell: Frozen Ramparts
  1412 | D:2      | Killed Robin
  1730 | D:2      | Reached XP level 5. HP: 30/41 MP: 1/7
  1968 | D:2      | Found a snail-covered altar of Cheibriados.
  2244 | D:3      | Reached skill level 6 in Ice Magic
  2891 | D:3      | Noticed Terence
  2899 | D:3      | Killed Terence
  2899 | D:3      | Reached XP level 6. HP: 50/50 MP: 5/9
  3695 | D:4      | Noticed Pikel
  3709 | D:4      | Killed Pikel
  3709 | D:4      | Reached skill level 8 in Ice Magic
  3709 | D:4      | Reached XP level 7. HP: 33/60 MP: 4/11
  3714 | D:4      | Reached XP level 8. HP: 35/67 MP: 2/12
  3816 | D:4      | Learned a level 3 spell: Ozocubu's Armour
  3821 | D:4      | Learned a level 4 spell: Summon Ice Beast
  4283 | D:4      | Reached skill level 1 in Summonings
  4594 | D:5      | Entered Level 5 of the Dungeon
  4914 | D:5      | Reached skill level 5 in Fighting
  5069 | D:5      | Noticed a kobold demonologist
  5085 | D:5      | Found an opulent altar of Gozag.
  5119 | D:5      | Noticed a two-headed ogre
  5140 | D:5      | Killed a two-headed ogre
  5140 | D:5      | Reached skill level 5 in Spellcasting
  5140 | D:5      | Reached skill level 9 in Ice Magic
  5140 | D:5      | Reached XP level 9. HP: 21/75 MP: 6/15
  5174 | D:5      | Killed from afar by an orc priest

Illustrated notes

Levels and vault maps discovered:
D:1:      lemuel_arrival_room, layout_basic
D:2:      layout_basic, eat_drink_and_be_merry_uskayaw, serial_glass,
          glass_columns_a, glass_columns_a, lemuel_tele_altar, uniq_robin
D:3:      layout_loops_cross, serial_rivers, chequers_serial_rivers_room_b,
          chequers_serial_rivers_large_b, chequers_serial_rivers_room_b,
          chequers_serial_rivers_room_b, uniq_terence
D:4:      layout_loops_cross, uniq_pikel
D:5:      gammafunk_wand_slinger, layout_loops_ring, grunt_gozag_statues,
          gammafunk_ghost_grave, roderic_roman_lattice, kennysheep_diamond
D:6:      layout_loops_ring, kennysheep_mini,
          gammafunk_temple_overflow_forgotten, basic_altar, minivault_5,
          chequers_serial_rivers_micro_a, kennysheep_generic_room_8

Skill      XL: |  1  2  3  4  5  6  7  8 |
---------------+-------------------------+-----
Spellcasting   | 2 3 5 |  5.2
Fighting       | 1 2 4 5 |  5.8
Ice Magic      | 5 6 8 9 |  9.7
Summonings     | 2 |  2.0
Dodging        | |  1.7
Stealth        | |  2.1

Action                   |  1- 3 |  4- 6 |  7- 9 || total
-------------------------+-------+-------+-------++-------
Melee: Unarmed           |    27 |    53 |       ||    80
       Spear             |       |   132 |   130 ||   262
 Cast: Freeze            |    28 |     9 |       ||    37
       Frozen Ramparts   |       |    19 |     7 ||    26
  Use: Scroll            |       |       |     5 ||     5
 Stab: Sleeping          |       |     4 |     5 ||     9
       Distracted        |       |     1 |     1 ||     2
Armor: Robe              |     7 |    48 |    27 ||    82
Dodge: Dodged            |    40 |   116 |    77 ||   233

Table legend: (Time is in decaauts)
 A = Elapsed time spent in this place.
 B = Non-inter-level travel time spent in this place.
 C = Inter-level travel time spent in this place.
 D = Time resting spent in this place.
 E = Time spent auto-exploring this place.
 F = Levels seen in this place.
 G = Mean time per level.
                   A        B        C        D        E       F      G
               +--------+--------+--------+--------+--------+-----+--------+
         Total |   5234 |   5103 |    131 |   1033 |   2991 |   6 |  872.3 |
       Dungeon |   5234 |   5103 |    131 |   1033 |   2991 |   6 |  872.3 |
               +--------+--------+--------+--------+--------+-----+--------+

Top non-repeatable levels by time:
     D:2: 1390 daAuts
     D:3: 1319 daAuts
     D:4: 1146 daAuts
     D:1: 821 daAuts
     D:5: 553 daAuts
     D:6: 3 daAuts
